 Dungeon Crawl Stone Soup version 0.30.0-20-g3615ddf2f0 (webtiles) character file.

Game seed: 3397731093606807011

63 qw the Chopper (level 4, -4/28 HPs)
             Began as a Gargoyle Fighter on May 28, 2023.
             Slain by Sigmund
             ... wielding a +0 scythe of venom
              (9 damage)
             ... on level 2 of the Dungeon.
             The game lasted 00:00:37 (1641 turns).

qw the Chopper (Gargoyle Fighter)                   Turns: 1641, Time: 00:00:37

Health: -4/28      AC: 12    Str: 22    XL:     4   Next: 9%
Magic:  4/4        EV: 17    Int:  8    God:
Gold:   136        SH:  0    Dex:  9    Spells: 3/3 levels left

rFire   . . .        Y - melded +0 war axe
rCold   . . .        c - melded +0 buckler
rNeg    + + +        b - melded +0 scale mail
rPois   inf          e - melded +0 helmet
rElec   .            (cloak currently unavailable)
rCorr   .            (gloves currently unavailable)
SInv    .            (boots currently unavailable)
Will    .....        (no amulet)
Stlth   +            (no ring)
HPRegen 0.24/turn    (no ring)
MPRegen 0.09/turn

%: no passive effects
@: fungus-form
A: melee confuse, terrified, no casting, sickness immunity, AC +3, tiny,
negative energy resistance 1, (electricity resistance), torment resistance 1,
petrification resistance
a: no special abilities


You were on level 2 of the Dungeon.
You were a sentient fungus.
You visited 1 branch of the dungeon, and saw 2 of its levels.

You collected 136 gold pieces.


Innate Abilities, Weirdness & Mutations

You are a sentient fungus.
You are tiny and evasive.
Your melee attack releases spores that confuse breathing creatures.
You become terrified and freeze when enemies are visible.
Your armour is entirely melded.
You are incapable of wielding weapons or throwing items.
You cannot cast spells.
You are immune to sickness and miasma.
((Your stone body is resilient. (AC +3)))
You are immune to poison.
You resist negative energy. (rN+)
((You are resistant to electric shocks. (rElec)))
You are resistant to unholy torment.
You are immune to petrification.


   Skills:
 - Level 3.2 Fighting
 + Level 3.9 Axes
 - Level 3.2 Armour
 - Level 3.2 Shields


You had 3 spell levels left.
You didn't know any spells.
Your spell library was empty.

Inventory:

Hand Weapons
 g - a +0 club
 Y - a +0 war axe (melded)
Armour
 a - a +0 pair of boots
 b - a +0 scale mail (melded)
 c - a +0 buckler (melded)
 e - a +0 helmet (melded)
Scrolls
 k - 2 scrolls of fog {unknown}
 l - a scroll of enchant weapon {unknown}
 m - a scroll of poison {unknown}
 n - a scroll of enchant armour {unknown}
Potions
 d - a potion of might
 f - 2 potions of attraction
 h - a potion of magic {unknown}
 i - a potion of brilliance {unknown}
 j - 3 potions of heal wounds {unknown}
 o - a potion of curing {unknown}

Dungeon Overview and Level Annotations

Branches:
Dungeon (2/15)

Altars:
Sif Muna

Annotations:
D:2 Sigmund


Message History

You hear some strange, mumbled words.
A puff of flame appears from out of thin air!
The puff of flame hits you.
You swing at nothing.
Your transformation is almost over.
Something hits you but does no damage.
You swing at nothing.
Something hits you.
You swing at nothing.
Something hits you but does no damage.
You swing at nothing.
You hear some strange, mumbled words.
You are confused.
You attack the rock wall.
You hear some strange, mumbled words.
Something tries to affect you, but you resist.
You attack the rock wall.
Something hits you but does no damage.
You swing at nothing.
Something hits you.
You swing at nothing.
You feel less wooden.
Your +0 helmet unmelds from your body.
Your +0 scale mail unmelds from your body.
Something hits you!
You bump into the rock wall.
You feel less confused.
You hear some strange, mumbled words.
Something tries to affect you, but you resist.
You swing at nothing.
You hear a zap.
Something tries to affect you, but you resist.
You swing at nothing.
You hear a zap.
You turn into a sentient fungus.
Your +0 war axe melds into your body.
Your +0 helmet melds into your body.
Your +0 buckler melds into your body.
Your +0 scale mail melds into your body.
You swing at nothing.
Something hits you!
You die...

#...............#.#.#
##############..#.#.#
#......# ##.#.###
#....# ### #.#..# ..#
#....# #.# ##.#.# #.#
#f#.# #.# #.#.# #.#
##.#.# #.#
########.#..# #.#
#.....<.###.# #.#
#.######.#.## #.##
#.# ##.## .#.#####.#
#.# ###......# #.##


There were no monsters in sight!

Vanquished Creatures
  Jessica (D:2)
  An adder (D:2)
  A dart slug (D:1)
  2 ball pythons
  A bat (D:1)
  An endoplasm (D:2)
  2 hobgoblins (D:1)
  4 jackals
  5 kobolds
  3 quokkas
  A frilled lizard (D:1)
  4 rats
26 creatures vanquished.

Notes
Turn   | Place    | Note
-------+----------+-------------------------------------------
     0 | D:1      | qw the Gargoyle Fighter began the quest for the Orb.
     0 | D:1      | Reached XP level 1. HP: 14/14 MP: 1/1
     0 | D:1      | 0 ||| qw: Version: 0.2-a-100-g4e38944
     0 | D:1      | 0 ||| qw: Game counter: 225
     0 | D:1      | 0 ||| qw: Always use a shield: true
     0 | D:1      | 0 ||| qw: God list: Okawaru
     0 | D:1      | 0 ||| qw: Allow faded altars: false
     0 | D:1      | 0 ||| qw: Do Orc after D:15 true
     0 | D:1      | 0 ||| qw: Do second Lair branch before Depths: true
     0 | D:1      | 0 ||| qw: Lair rune preference: random
     0 | D:1      | 0 ||| qw: Plans: Normal, Zot:1-4, God:TSO, Crypt, Tomb,
                  | Pan, Slime:5, Hells, Abyss, Win
     0 | D:1      | 0 ||| PLANNING D:1-11
    16 | D:1      | 16 ||| Stepping ~*~*~tactically~*~*~ (hiding).
   183 | D:1      | You fall into a shaft and drop 1 floor!
   211 | D:2      | 211 ||| UPGRADING to +0 helmet.
   216 | D:2      | 216 ||| DRINKING 2 coppery potions.
   223 | D:2      | 223 ||| FLEEEEING.
   224 | D:2      | 224 ||| STAIRDANCE
   308 | D:1      | Reached XP level 2. HP: 19/19 MP: 2/2
   891 | D:1      | 891 ||| READING scroll labelled SUOCEA DYIHUWK.
   992 | D:1      | 992 ||| READING scroll labelled YPODOTUO HURID.
  1061 | D:2      | Found a shimmering blue altar of Sif Muna.
  1115 | D:2      | Noticed Jessica
  1118 | D:2      | Killed Jessica
  1119 | D:2      | Reached skill level 3 in Axes
  1119 | D:2      | Reached XP level 3. HP: 23/23 MP: 3/3
  1247 | D:2      | Found a faded altar of an unknown god.
  1279 | D:2      | 1279 ||| Stepping ~*~*~tactically~*~*~ (stealth).
  1283 | D:2      | Reached XP level 4. HP: 26/28 MP: 4/4
  1310 | D:2      | 1310 ||| Stepping ~*~*~tactically~*~*~ (stealth).
  1603 | D:2      | Noticed Sigmund
  1604 | D:2      | 1604 ||| Stepping ~*~*~tactically~*~*~ (stealth).
  1636 | D:2      | HP: 4/28 [something (11)]
  1641 | D:2      | Slain by Sigmund

Levels and vault maps discovered:
D:1:      denvon_arrival_waterhouse, layout_loops_ring
D:2:      layout_loops_ring, ebering_ecumenical_altar_rust, basic_altar,
          minmay_misc_feat_ornament, kennysheep_jessica_study, uniq_sigmund

Skill      XL: |  1  2 |
---------------+-------+-----
Axes           | 2 3 |  3.9
Fighting       | |  3.2
Armour         | |  3.2
Shields        | |  3.2

Action                     |  1- 3 |  4- 6 || total
---------------------------+-------+-------++-------
  Melee: War axe           |    58 |    13 ||    71
    Use: Potion            |     1 |       ||     1
         Scroll            |     2 |       ||     2
 Armour: Scale mail        |    28 |     8 ||    36
         Skin              |       |    11 ||    11
  Dodge: Dodged            |    25 |     6 ||    31
  Block: Buckler           |     7 |     2 ||     9

Table legend:
 A = Non-vault XP
 B = Vault XP
 C = Vault XP percentage of total XP
 D = Non-vault monster count
 E = Vault monster count
 F = Vault count percentage of total count
                 A         B        C        D         E       F
            +---------+---------+-------+---------+---------+-------
      Total |      51 |      39 |  43.3 |      24 |       2 |   7.7
            +---------+---------+-------+---------+---------+-------
        D:1 |      25 |       0 |   0.0 |      14 |       0 |   0.0
        D:2 |      26 |      39 |  60.0 |      10 |       2 |  16.7
            +---------+---------+-------+---------+---------+-------
